 Dungeon Crawl Stone Soup version 0.27.0-1-g7a089689b8 (console) character file.

Game seed: 8354384005718372764

50 FIQ the Chiller (level 3, -1/26 HPs)
             Began as a Demonspawn Ice Elementalist on Aug 15, 2021.
             Was a Follower of Cheibriados.
             Slain by a gnoll (6 damage)
             ... on level 3 of the Dungeon.
             The game lasted 00:04:36 (2381 turns).

FIQ the Chiller (Demonspawn Ice Elementalist)       Turns: 2381, Time: 00:04:36

Health: -1/26      AC:  3    Str: 11    XL:     3   Next: 55%
Magic:  4/6        EV: 12    Int: 20    God:    Cheibriados [*.....]
Gold:   80         SH:  0    Dex: 16    Spells: 5/6 levels left

rFire    . . .     SeeInvis .   d - +0 whip (venom)
rCold    . . .     Faith    .   (no shield)
rNeg     . . .     Spirit   .   a - +1 robe
rPois    .         Reflect  .   (no helmet)
rElec    .         Harm     .   (no cloak)
rCorr    .         Rampage  .   (no gloves)
Will     .....     Clarity  +   (no boots)
Stlth    ++........             (no amulet)
HPRegen  0.08/turn              (no ring)
MPRegen  0.10/turn              (no ring)

@: very slow
A: sturdy frame 1, clarity
a: Renounce Religion, Bend Time


You were on level 3 of the Dungeon.
You worshipped Cheibriados.
Cheibriados was aware of your devotion.
You visited 1 branch of the dungeon, and saw 3 of its levels.

You collected 80 gold pieces.

Inventory:

Hand Weapons
 d - a +0 whip of venom (weapon)
Armour
 a - a +1 robe (worn)
Scrolls
 b - a scroll of enchant armour


   Skills:
 + Level 1.3 Fighting
 + Level 2.3 Dodging
 - Level 1.8 Stealth
 + Level 2.4 Spellcasting
 + Level 3.9 Ice Magic
 + Level 0.6 Invocations


You had 5 spell levels left.
You knew the following spells:

 Your Spells              Type           Power      Damage    Failure   Level
a - Freeze                Ice            72%        1d9       3%          1

Your spell library contained the following spells:

 Spells                   Type           Power      Damage    Failure   Level
 Frozen Ramparts          Ice            36%        1d5       9%          3
 Ozocubu's Armour         Ice            18%        N/A       9%          3
 Hailstorm                Conj/Ice       10%        3d5       54%         4


Dungeon Overview and Level Annotations

Branches:
Dungeon (3/15)

Altars:
Cheibriados
Makhleb


Innate Abilities, Weirdness & Mutations

Your movements are slightly less encumbered by armour. (ER -2)
You possess an exceptional clarity of mind.


Message History

Confirm with . or Enter, or press ? or * to list all spells.
Aiming: Freeze (safe; 3% risk of failure)
Press: ? - help, Shift-Dir - straight line, f - gnoll, p - gnoll
Aim: a gnoll, wielding a +0 club You freeze the gnoll.
The gnoll is moderately wounded.
The gnoll hits you but does no damage.
Casting: Freeze (safe; 3% risk of failure)
Confirm with . or Enter, or press ? or * to list all spells.
Aiming: Freeze (safe; 3% risk of failure)
Press: ? - help, Shift-Dir - straight line, f/p - gnoll
Aim: a gnoll, wielding a +0 club (moderately wounded)
You freeze the gnoll.
The gnoll is heavily wounded.
The gnoll hits you with a +0 club.
* * * LOW HITPOINT WARNING * * *
You aren't carrying any potions.
You aren't carrying any potions.
Okay, then.
As you read the scroll labelled ICONTYNU JYNN, it crumbles to dust.
You assume a fearsome visage.
The gnoll looks frightened! x4; It was a scroll of fear.
A gnoll is nearby!
You are too injured to fight recklessly!
Casting: Freeze (safe; 3% risk of failure)
Confirm with . or Enter, or press ? or * to list all spells.
Aiming: Freeze (safe; 3% risk of failure)
Press: ? - help, Shift-Dir - straight line, f - gnoll
Aim: a gnoll, wielding a +0 whip You freeze the gnoll.
The gnoll is moderately wounded.
The gnoll closely misses you.
Casting: Freeze (safe; 3% risk of failure)
Confirm with . or Enter, or press ? or * to list all spells.
Aiming: Freeze (safe; 3% risk of failure)
Press: ? - help, Shift-Dir - straight line, f/p - gnoll
Aim: a gnoll, wielding a +0 whip (moderately wounded)
You freeze the gnoll.
The gnoll is severely wounded.
The gnoll hits you with a +0 whip.
You die...

##.#.#.####)#
###†#.####.# #........#
####.###### #.........#
#.##.####.# #.##.# #.#
######.##.####.#########
#..........#..@g.......#
#.####.......#.#######.#
#.#...#.#.# ####.##
#.##....#.# #.....#
#.........# #.##..#
####.###### #.##>.# ##+#
#.##..# ##...# #.#...#
##.....## #.#.#.#


You could see a gnoll.

Vanquished Creatures
  2 dart slugs
  4 orcs (D:3)
  2 endoplasms (D:1)
  5 hobgoblins
  A quokka (D:3)
  4 ball pythons
  5 bats
  6 frilled lizards
  6 goblins
  5 kobolds
  2 rats
42 creatures vanquished.

Notes
Turn   | Place    | Note
-------+----------+-------------------------------------------
     0 | D:1      | FIQ the Demonspawn Ice Elementalist began the quest for the
                  | Orb.
     0 | D:1      | Reached XP level 1. HP: 13/13 MP: 3/3
   257 | D:1      | Gained mutation: Your movements are slightly less
                  | encumbered by armour. (ER -2) [demonic ancestry]
   257 | D:1      | Reached XP level 2. HP: 20/20 MP: 1/5
  1224 | D:1      | Gained mutation: You possess an exceptional clarity of
                  | mind. [potion of mutation]
  1282 | D:2      | Reached skill level 1 in Fighting
  1441 | D:2      | Reached XP level 3. HP: 26/26 MP: 4/6
  1614 | D:2      | Found a burning altar of Makhleb.
  1668 | D:2      | Found a faded altar of an unknown god.
  1693 | D:2      | Became a worshipper of Cheibriados the Contemplative
  1693 | D:2      | Reached * piety under Cheibriados
  2340 | D:3      | HP: 1/26 [gnoll (6)]
  2381 | D:3      | Slain by a gnoll

Illustrated notes

Levels and vault maps discovered:
D:1:      dpeg_arrival_morbid_curiosity, layout_loops_corners
D:2:      layout_rooms, shapermc_ecumenical_altar_pompeii, basic_altar,
          kennysheep_minor_cross
D:3:      layout_loops_corners, serial_shops, shop, kennysheep_generic_room_2

Skill      XL: |  1  2 |
---------------+-------+-----
Dodging        | 2 |  2.3
Fighting       | 1 |  1.3
Stealth        | |  1.8
Spellcasting   | |  2.4
Ice Magic      | |  3.9
Invocations    | |  0.6

Action                   || total
-------------------------++-------
Melee: Unarmed           ||    18
       Whip              ||     1
 Cast: Freeze            ||    61
  Use: Scroll            ||     4
       Potion            ||     3
Armor: Robe              ||    11
Dodge: Dodged            ||    26
